 Dungeon Crawl Stone Soup version 0.31-a0-222-gefeffbb62a (webtiles) character file.

Game seed: 7114035889708314304

11055 olmar the Basher (level 11, -9/104 HPs)
             Began as a Naga Warper on July 6, 2023.
             Was an Initiate of Gozag.
             Killed by divine providence
             ... invoked by a smoke demon
              (14 damage)
             ... on level 10 of the Dungeon.
             The game lasted 00:22:34 (9986 turns).

olmar the Basher (Naga Warper)                      Turns: 9986, Time: 00:22:34

Health: -9/104     AC: 14    Str: 17    XL:     11   Next: 71%
Magic:  12/14      EV: 13    Int: 13    God:    Gozag
Gold:   842        SH:  0    Dex: 24    Spells: 3/14 levels left

rFire   . . .        l - +3 flail (protect)
rCold   . . .        (no shield)
rNeg    . . .        b - +0 leather armour
rPois   +            (no helmet)
rElec   .            L - +0 cloak
rCorr   .            (no gloves)
SInv    +            (no barding)
Will    +....        p - amulet of regeneration
Stlth   +++          m - +6 ring of dexterity
HPRegen 1.17/turn    H - +6 ring of dexterity
MPRegen 0.14/turn

%: no passive effects
@: under a protective aura, on berserk cooldown, on blink cooldown, slowed, very
slow
A: AC +3, large, see invisible, deformed body, poison resistance, slowness 2,
spit poison 1, naga tail 1
a: Spit Poison, Renounce Religion, Potion Petition, Call Merchant, Bribe Branch


You were on level 10 of the Dungeon.
You worshipped Gozag.
Gozag was pleased with you.
You visited 2 branches of the dungeon, and saw 11 of its levels.

You collected 1513 gold pieces.
You spent 48 gold pieces at shops.
You paid 623 gold pieces to Gozag.

Inventory:

Hand Weapons
 l - a +3 flail of protection (weapon)
 o - a +5 flail
 F - a +3 morningstar
Missiles
 d - 3 boomerangs of dispersal
 D - 3 boomerangs (quivered)
 M - 4 atropa-tipped darts
 Q - 6 javelins
Armour
 b - a +0 leather armour (worn)
 j - +0 ice dragon scales
 x - a +2 kite shield
 I - a +2 robe of willpower
 L - a +0 cloak (worn)
Magical Staves
 O - a staff of earth
Jewellery
 k - a ring of ice
 m - a +6 ring of dexterity (left hand)
 p - an amulet of regeneration (around neck)
 H - a +6 ring of dexterity (right hand)
 J - a ring of fire
Wands
 q - a wand of digging (8)
 K - a wand of iceblast (1)
Scrolls
 c - 3 scrolls of blinking
 g - 2 scrolls of poison
 i - 2 scrolls of torment
 n - a scroll of revelation
 u - a scroll of fog
 y - a scroll of noise
 A - 2 scrolls of fear
 B - 3 scrolls of enchant armour
 E - 3 scrolls of teleportation
 G - 3 scrolls of amnesia {unknown}
 P - a scroll of identify
Potions
 a - a potion of berserk rage {unknown}
 e - a potion of enlightenment
 f - 2 potions of degeneration
 h - a potion of ambrosia
 r - 3 potions of haste
 s - 2 potions of lignification
 t - 2 potions of cancellation
 v - 2 potions of brilliance
 w - 2 potions of resistance
 z - 5 potions of curing
 C - a potion of might
Miscellaneous
 N - a phial of floods (inert)


   Skills:
 + Level 8.5 Fighting
 + Level 11.6 Maces & Flails
 - Level 0.8 Throwing
 + Level 5.4 Armour
 + Level 5.5 Dodging
 + Level 5.1 Stealth
 - Level 2.1 Spellcasting
 + Level 6.7 Translocations
 + Level 1.2 Evocations


You had 3 spell levels left.
You knew the following spells:

 Your Spells              Type           Power      Damage    Failure   Level
a - Blink                 Tloc           38%        N/A       2%          2
b - Lesser Beckoning      Tloc           38%        N/A       2%          2
c - Teleport Other        Tloc           19%        N/A       5%          3
d - Manifold Assault      Tloc           19%        N/A       19%         4

Your spell library contained the following spells:

 Spells                   Type           Power      Damage    Failure   Level
 Momentum Strike          Conj/Tloc      20%        3d8       11%         2
 Vhi's Electric Charge    Tloc/Air       20%        N/A       22%         3
 Frozen Ramparts          Ice            2%         1d1       65%         3
 Ozocubu's Armour         Ice            1%         N/A       65%         3
 Ice Form                 Ice/Tmut       1%         N/A       96%         4
 Summon Ice Beast         Ice/Summ       1%         N/A       96%         4
 Alistair's Intoxication  Tmut/Pois      0%         N/A       100%        5
 Arcjolt                  Conj/Air       0%         1d10      100%        5
 Borgnjor's Vile Clutch   Necr/Erth      0%         N/A       100%        5
 Metabolic Englaciation   Hex/Ice        0%         N/A       100%        5
 Eringya's Noxious Bog    Tmut/Pois      0%         N/A       100%        6
 Malign Gateway           Summ/Tloc      5%         N/A       100%        7
 Maxwell's Capacitive Co  Air            0%         ∞         100%        8
 Summon Horrible Things   Summ           0%         N/A       100%        8
 Simulacrum               Ice/Necr       Unusable   N/A       N/A         6

Dungeon Overview and Level Annotations

Branches:
Dungeon (10/15)            Temple (1/1) D:6
   Lair: D:8-11         Orc: D:9-12

Altars:
Ashenzari
Cheibriados
Dithmenos
Elyvilon
Fedhas
Gozag
Hepliaklqana
Nemelex Xobeh
Okawaru
Trog
Uskayaw
Vehumet
Wu Jian
Xom
Zin
The Shining One

Shops:
D:5 *   D:6 *   D:9 *

Annotations:
D:2 1 runed translucent door, Crazy Yiuf
D:6 2 transporters


Innate Abilities, Weirdness & Mutations

Your serpentine skin is tough. (AC +3)
You have supernaturally acute eyesight. (SInv)
Armour fits poorly on your strangely shaped body.
Your system is resistant to poisons. (rPois)
You cover ground very slowly.
You can spit poison.
You have a snake-like lower body.


Message History

You feel yourself slow down.
You start resting.
A smoke demon comes into view.
A smoke demon is nearby!
A smoke demon is nearby!
You start resting.
The smoke demon gestures at you. Something smites you!
A smoke demon is nearby!
You are too injured to fight recklessly!
You are too injured to fight recklessly!
Unknown command.
The smoke demon gestures at you. The ball of steam misses you.
The smoke demon gestures at you. The sticky flame hits you.
You are covered in liquid flames!
You are covered in liquid flames!
* * * LOW HITPOINT WARNING * * *
The smoke demon gestures at you. The ball of steam hits you!
* * * LOW HITPOINT WARNING * * *
The smoke demon barely misses you. The smoke demon completely misses you.
The smoke demon hits you but does no damage.
You hit the smoke demon.
Your weapon exudes an aura of protection.
The smoke demon is lightly wounded.
You are covered in liquid flames!
* * * LOW HITPOINT WARNING * * *
You are no longer on fire.
The smoke demon gestures at you. Something smites you!
* * * LOW HITPOINT WARNING * * *
Casting: Teleport Other (mildly dangerous; 5% risk of failure)
Confirm with . or Enter, or press ? or * to list all spells.
You blink.
The smoke demon gestures at you. Something smites you!
You die...
Your body crumbles into a pile of gold.

##.##........#.# ####.<
##.#...........## #<.
#..#............# ###
#.##....[.....#.########
#.##......>.............
##.............#.########
#...##............# ####
#######......##...# #...
#..@......#..####...
######......##.#.....<...
#....§......##.####.##...
#.####3.....##.####..#...
.............#............
#.............####.###.####
#.............# #........#
.............# ##........
......≈......# #.......#


You could see a smoke demon.

Vanquished Creatures
  Josephine (D:10)
  Erica (D:9)
  A two-headed ogre (D:10)
  Urug (D:10)
  A cyclops (D:8)
  Maurice (D:8)
  Joseph (D:10)
  A komodo dragon (D:10)
  A hornet (D:9)
  A shadow (D:9)
  12 yaks
  Sigmund (D:2)
  4 wraiths
  3 wyverns
  2 vampire mosquitoes (D:9)
  5 orc warriors
  A black bear (D:4)
  2 ice beasts
  2 ogres (D:4)
  3 centaurs
  A phantom (D:5)
  3 bullfrogs
  2 gnoll sergeants (D:8)
  5 scorpions (D:5)
  10 wights
  5 killer bees (D:10)
  10 howler monkeys
  2 hounds (D:4)
  3 jellies
  10 orc priests
  A gnoll bouda (D:6)
  3 iguanas
  2 sleepcaps
  3 orc wizards
  14 gnolls
  6 adders
  A shadow imp (D:8)
  A white imp (D:8)
  An ufetubus (D:6)
  A worm (D:4)
  5 dart slugs
  28 orcs
  8 ball pythons
  6 endoplasms
  3 giant cockroaches
  4 hobgoblins
  5 jackals
  3 kobolds
  5 quokkas
  6 bats
  2 frilled lizards
  7 goblins
  5 rats
216 creatures vanquished.

Vanquished Creatures (others)
  An orc (D:8)
1 creature vanquished.

Grand Total: 217 creatures vanquished

Notes
Turn   | Place    | Note
-------+----------+-------------------------------------------
     0 | D:1      | olmar the Naga Warper began the quest for the Orb.
     0 | D:1      | Reached XP level 1. HP: 19/19 MP: 3/3
   414 | D:1      | Reached XP level 2. HP: 8/26 MP: 5/5
   496 | D:1      | Reached skill level 1 in Armour
   499 | D:1      | Learned a level 2 spell: Blink
   502 | D:1      | Learned a level 2 spell: Lesser Beckoning
  1188 | D:2      | Reached XP level 3. HP: 30/32 MP: 6/6
  1193 | D:2      | Noticed Sigmund
  1234 | D:2      | Killed Sigmund
  1235 | D:2      | Reached XP level 4. HP: 31/40 MP: 5/7
  1235 | D:2      | Reached XP level 5. HP: 35/46 MP: 5/8
  1550 | D:2      | Found a runed translucent door.
  1551 | D:2      | Noticed Crazy Yiuf
  1778 | D:2      | Reached skill level 3 in Maces & Flails
  1837 | D:2      | Learned a level 3 spell: Teleport Other
  2173 | D:3      | Found a glowing golden altar of the Shining One.
  2305 | D:3      | Reached skill level 1 in Stealth
  2394 | D:3      | Reached XP level 6. HP: 55/55 MP: 9/9
  2436 | D:3      | Found a faded altar of an unknown god.
  2641 | D:3      | Found a shadowy altar of Dithmenos.
  3132 | D:4      | Noticed a black bear
  3400 | D:4      | Reached skill level 4 in Maces & Flails
  3400 | D:4      | Reached XP level 7. HP: 62/62 MP: 7/10
  4018 | D:5      | Entered Level 5 of the Dungeon
  4031 | D:5      | Found an iron altar of Okawaru.
  4094 | D:5      | Found Zin's Purification Station.
  4096 | D:5      | Found a glowing silver altar of Zin.
  4166 | D:5      | Reached skill level 5 in Maces & Flails
  4390 | D:5      | Reached XP level 8. HP: 72/72 MP: 11/11
  4401 | D:5      | Noticed a yak
  4402 | D:5      | Noticed a yak
  4407 | D:5      | Noticed a yak
  4408 | D:5      | Noticed a yak
  4408 | D:5      | Noticed a yak
  4417 | D:5      | Killed a yak
  4428 | D:5      | Killed a yak
  4429 | D:5      | Reached skill level 6 in Maces & Flails
  4436 | D:5      | Killed a yak
  4446 | D:5      | Killed a yak
  4455 | D:5      | Killed a yak
  4456 | D:5      | Reached skill level 5 in Fighting
  4456 | D:5      | Reached skill level 7 in Maces & Flails
  4552 | D:5      | Reached XP level 9. HP: 78/81 MP: 12/12
  4672 | D:5      | Learned a level 4 spell: Manifold Assault
  5007 | D:6      | Found a staircase to the Ecumenical Temple.
  5023 | D:6      | Found a transporter.
  5076 | D:6      | Found a transporter.
  5099 | D:6      | Found Sumirauq's Neck Hole.
  5209 | Temple   | Entered the Ecumenical Temple
  5217 | Temple   | Became a worshipper of Gozag Ym Sagoz the Greedy
  5834 | D:7      | Reached skill level 8 in Maces & Flails
  6133 | D:6      | Reached skill level 5 in Armour
  6189 | D:6      | Reached XP level 10. HP: 82/91 MP: 11/13
  6228 | D:6      | Reached skill level 9 in Maces & Flails
  6263 | D:7      | Reached skill level 5 in Translocations
  7363 | D:8      | Noticed Maurice
  7376 | D:8      | Killed Maurice
  7414 | D:8      | Noticed a cyclops
  7427 | D:8      | Killed a cyclops
  7428 | D:8      | Reached skill level 10 in Maces & Flails
  8216 | D:9      | Noticed Erica
  8239 | D:9      | Killed Erica
  8240 | D:9      | Reached skill level 5 in Dodging
  8240 | D:9      | Reached XP level 11. HP: 68/100 MP: 14/14
  8275 | D:9      | Found Toyn Ona's Serpentskin Sales.
  8279 | D:9      | Bought a scroll of poison for 48 gold pieces
  8300 | D:9      | Found a broken altar of Ashenzari.
  8667 | D:10     | Entered Level 10 of the Dungeon
  8680 | D:10     | Found a hazy altar of Hepliaklqana.
  8786 | D:10     | Found a blossoming altar of Fedhas.
  8803 | D:10     | Noticed Joseph
  8825 | D:10     | Noticed Josephine
  8838 | D:10     | Killed Joseph
  8852 | D:10     | Killed Josephine
  8853 | D:10     | Reached skill level 11 in Maces & Flails
  8853 | D:10     | Reached skill level 5 in Stealth
  8947 | D:10     | Noticed Urug
  9208 | D:10     | Noticed a two-headed ogre
  9525 | D:10     | Reached skill level 1 in Evocations
  9580 | D:10     | Killed a two-headed ogre
  9967 | D:10     | Killed Urug
  9985 | D:10     | HP: 3/104 [smoke demon/divine providence (11)]
  9986 | D:10     | Killed from afar by a smoke demon

Illustrated notes

Levels and vault maps discovered:
D:1:      eino_arrival_druids_welcome, layout_loops_corners
D:2:      layout_basic, kennysheep_potato, uniq_sigmund, uniq_crazy_yiuf_cottage
D:3:      layout_basic, tso_metal_star, marbit_many_paths,
          shapermc_ecumenical_altar_mp_vishouse, minmay_vboxes
D:4:      layout_basic, minmay_bent
D:5:      layout_loops_ring, zin_purify, okawaru_gym_becter
D:6:      gammafunk_cloud_chamber, layout_cave_pools,
          minmay_temple_entry_stoned_glass, nicolae_shop_sticking_my_neck_out
D:7:      layout_basic, minmay_misc_feat_plants, minmay_parallelograms
D:8:      layout_rooms, uniq_maurice
D:9:      layout_cave_pools, nicolae_ashenzari_panopticon, serial_column_ruins,
          column_ruins_hut, column_ruins_circle_small, column_ruins_grid_2,
          column_ruins_columns_straight, column_ruins_open_small,
          column_ruins_open_small, column_ruins_columns_straight,
          column_ruins_open_medium, guppyfry_shop_venom, uniq_erica
D:10:     layout_rooms, demons_altar, jmf_multi_god_temple, uniq_joseph,
          uniq_josephine, uniq_urug
Temple:   nicolae_temple_two_arcs

Skill      XL: |  1  2  3  4  5  6  7  8  9 10 11 |
---------------+----------------------------------+-----
Armour         | 1 2 3 4 5 |  5.4
Dodging        | 2 3 4 5 |  5.5
Maces & Flails | 3 4 5 7 8 10 11 | 11.6
Stealth        | 1 2 4 5 |  5.1
Fighting       | 3 4 5 6 7 8 |  8.5
Translocations | 4 6 |  6.7
Evocations     | 1 |  1.2
Throwing       | |  0.8
Spellcasting   | |  2.1

Action                     |  1- 3 |  4- 6 |  7- 9 | 10-12 || total
---------------------------+-------+-------+-------+-------++-------
  Melee: Mace              |    50 |    40 |       |       ||    90
         Flail             |       |    76 |   244 |   431 ||   751
         Punch             |       |     1 |     3 |     3 ||     7
  Throw: Boomerang         |     4 |       |       |     1 ||     5
         Dart              |     3 |     7 |    14 |     6 ||    30
   Cast: Lesser Beckoning  |     1 |       |     1 |    18 ||    20
         Blink             |     3 |     3 |     4 |     7 ||    17
         Teleport Other    |       |     1 |     4 |     5 ||    10
         Manifold Assault  |       |       |       |     1 ||     1
 Invoke: Potion Petition   |       |       |       |     2 ||     2
Ability: Spit Poison       |    17 |    25 |    34 |    39 ||   115
  Evoke: Wand              |       |       |       |    12 ||    12
         Phial of floods   |       |       |       |     1 ||     1
    Use: Scroll            |     3 |     4 |     8 |     4 ||    19
         Potion            |     1 |       |     1 |     8 ||    10
   Stab: Sleeping          |       |     1 |     1 |     1 ||     3
         Invisible         |       |       |     1 |     1 ||     2
         Distracted        |       |       |       |     3 ||     3
 Armour: Leather armour    |    18 |    29 |    89 |   114 ||   250
  Dodge: Dodged            |    38 |    77 |   135 |   260 ||   510

Table legend: (Time is in decaauts)
 A = Elapsed time spent in this place.
 B = Non-inter-level travel time spent in this place.
 C = Inter-level travel time spent in this place.
 D = Time resting spent in this place.
 E = Time spent auto-exploring this place.
 F = Levels seen in this place.
 G = Mean time per level.
                   A        B        C        D        E       F      G
               +--------+--------+--------+--------+--------+-----+--------+
         Total |  12242 |  11816 |    426 |   2509 |   6693 |  11 | 1112.9 |
       Dungeon |  12220 |  11795 |    425 |   2509 |   6693 |  10 | 1222.0 |
        Temple |     22 |     22 |      0 |      0 |      0 |   1 |   22.0 |
               +--------+--------+--------+--------+--------+-----+--------+

Top non-repeatable levels by time:
     D:4: 1641 daAuts
     D:7: 1506 daAuts
     D:1: 1284 daAuts
     D:2: 1232 daAuts
    D:10: 1230 daAuts
     D:5: 1197 daAuts
     D:9: 1155 daAuts
     D:8: 1087 daAuts
     D:3: 985 daAuts
     D:6: 898 daAuts
  Temple: 22 daAuts
